 Dungeon Crawl Stone Soup version 0.26.0-18-gc5c842f807 (webtiles) character file.

Game seed: 18089070710820743377

1743 dolemite99 the Digger (level 9, -1/65 HPs)
             Began as a Gnoll Earth Elementalist on Jan 22, 2021.
             Was a Priest of Okawaru.
             Slain by an orc priest
             ... wielding a +0 falchion
              (7 damage)
             ... on level 6 of the Dungeon.
             The game lasted 00:08:12 (5761 turns).

dolemite99 the Digger (Gnoll Earth Elementalist)    Turns: 5761, Time: 00:08:13

Health: -1/65      AC:  7    Str: 13    XL:     9   Next: 6%
Magic:  8/27       EV: 15    Int: 21    God:    Okawaru [***...]
Gold:   385        SH:  0    Dex: 15    Spells: 9/20 levels left

rFire    . . .     SeeInvis .   b - +7 hunting sling of the Last Spreadsheets {flame, Str+2}
rCold    . . .     Faith    .   (no shield)
rNeg     . . .     Spirit   .   i - +1 leather armour
rPois    +         Reflect  .   G - +1 hat
rElec    .         Harm     .   h - +1 cloak {Stlth+}
rCorr    .         Rampage  .   (no gloves)
Will     .....                  (no boots)
Stlth    +++.......             (no amulet)
HPRegen  0.20/turn              x - ring of poison resistance
MPRegen  0.20/turn              P - ring of magical power

@: no status effects
A: distributed training, fangs 1, strong nose
a: Renounce Religion, Heroism


You were on level 6 of the Dungeon.
You worshipped Okawaru.
Okawaru was most pleased with you.
You visited 1 branch of the dungeon, and saw 6 of its levels.
You also visited: Sewer.

You collected 385 gold pieces.

Inventory:

Hand Weapons
 a - a +0 war axe
 b - the +7 hunting sling of the Last Spreadsheets (weapon) {flame, Str+2}
   (You found it on level 5 of the Dungeon)

   It causes projectiles fired from it to burn those they strike, causing extra
   injury to most foes and up to half again as much damage against particularly
   susceptible opponents.
   It affects your strength (+2).
 d - a +0 hunting sling
 k - a +0 spear
 o - a +0 mace of protection
 B - a +2 whip of flaming
 I - a +1 antimagic flail
 L - a +0 spear of freezing
 R - a +1 shortbow of flaming
Missiles
 l - 35 bolts
 m - 10 poisoned darts
 p - 61 arrows
 F - 8 sling bullets (quivered ammo)
Armour
 c - a +0 robe
 h - a +1 cloak of stealth (worn)
 i - a +1 leather armour (worn)
 G - a +1 hat (worn)
 Q - a +0 kite shield
Jewellery
 f - an uncursed ring of poison resistance
 n - an uncursed ring of protection from fire
 t - an uncursed amulet of guardian spirit
 v - a +6 ring of strength
 x - a ring of poison resistance (left hand)
 P - a ring of magical power (right hand)
Wands
 y - a wand of paralysis (5)
 C - a wand of digging (7)
 H - a wand of acid (13)
Scrolls
 e - 3 scrolls of remove curse {@r2}
 j - 3 scrolls of fear
 r - 8 scrolls of teleportation
 s - a scroll of amnesia
 J - a scroll of identify {@r1}
 O - 2 scrolls of blinking
Potions
 g - 2 potions of flight
 q - a potion of lignification
 u - a potion of berserk rage {unknown}
 w - a potion of cancellation {unknown}
 z - a potion of invisibility {unknown}
 A - 2 potions of haste {unknown}
 D - a potion of degeneration {unknown}
 E - 3 potions of curing {unknown}
 K - a potion of attraction {unknown}
 M - a potion of might
 N - a potion of heal wounds


   Skills:
 + Level 3.8 Fighting
 + Level 3.8 Short Blades
 + Level 3.8 Long Blades
 + Level 3.8 Axes
 + Level 3.8 Maces & Flails
 + Level 3.8 Polearms
 + Level 3.8 Staves
 + Level 3.8 Slings
 + Level 3.8 Bows
 + Level 3.8 Crossbows
 + Level 3.8 Throwing
 + Level 3.8 Armour
 + Level 6.0 Dodging
 + Level 5.7 Stealth
 + Level 3.8 Shields
 + Level 3.8 Unarmed Combat
 + Level 6.3 Spellcasting
 + Level 3.1 Conjurations
 + Level 3.1 Hexes
 + Level 3.1 Summonings
 + Level 3.1 Necromancy
 + Level 3.1 Translocations
 + Level 3.9 Transmutations
 + Level 3.1 Fire Magic
 + Level 3.1 Ice Magic
 + Level 3.1 Air Magic
 + Level 6.3 Earth Magic
 + Level 3.1 Poison Magic
 + Level 4.2 Invocations
 + Level 3.8 Evocations


You had 9 spell levels left.
You knew the following spells:

 Your Spells              Type           Power        Failure   Level
a - Stone Arrow           Conj/Erth      52%          4%          3
b - Sandblast             Erth           66%          1%          1
c - Passwall              Tmut/Erth      23%          2%          2
d - Animate Skeleton      Necr           40%          3%          1
e - Petrify               Tmut/Erth      28%          14%         4

Your spell library contained the following spells:

 Spells                   Type           Power        Failure   Level
 Apportation              Tloc           40%          3%          1
 Corona                   Hex            22%          3%          1
 Summon Small Mammal      Summ           80%          3%          1
 Lee's Rapid Deconstruct  Erth           16%          24%         5


Dungeon Overview and Level Annotations

Branches:
Dungeon (6/15)             Temple (0/1) D:6           Sewer (visited)

Altars:
Dithmenos
Elyvilon
Fedhas
Gozag
Okawaru
Sif Muna
Wu Jian
Xom
Yredelemnul


Innate Abilities, Weirdness & Mutations

Your experience applies equally to all skills.
You have very sharp teeth.
Your uncanny sense of smell can sniff out nearby items.


Message History

The orc priest mumbles some strange prayers to Beogh against you.
Beogh smites you!
* * * LOW HITPOINT WARNING * * *
Casting: Stone Arrow (dangerous; 4% risk of failure)
Confirm with . or Enter, or press ? or * to list all spells.
Aiming: Stone Arrow (dangerous; 4% risk of failure)
Press: ? - help, Shift-Dir - straight line, f/p - orc priest
Aim: an orc priest, wielding a -2 flail and wearing a +0 leather armour (heavily wounded, 29% to evade)
The stone arrow hits the orc priest!
You kill the orc priest!
Okawaru accepts your kill.
Casting: Stone Arrow (dangerous; 4% risk of failure)
Confirm with . or Enter, or press ? or * to list all spells.
Aiming: Stone Arrow (dangerous; 4% risk of failure)
Press: ? - help, Shift-Dir - straight line, f - orc priest
Aim: an orc priest, wielding a +0 falchion and wearing a +0 scale mail (25% to evade)
The stone arrow hits the orc priest!
The orc priest is almost dead.
The orc priest hits you with a +0 falchion!
You die...

#..#....# #........
.......# #........
#.#.#...#######.......#
....(.(.)o(o(.........#
.o#...##(##........#
.....(.#....##.########
...>.....#(.##o#
.......#...###o#
.#...#...### #@#
........## #.# ..#.#.#.
###†##### ....?.#.
#.......#
#.......########
#.)............#
#..............#
#..............#
#..............#


You could see an orc priest and an orc.

Vanquished Creatures
  Pikel (D:4)
  Grinder (D:4)
  An orc warrior (D:6)
  A phantom (D:6)
  An ogre (D:5)
  A centaur (D:6)
  A big kobold (D:6)
  2 scorpions
  A bullfrog zombie (D:6)
  2 hounds
  3 orc wizards
  Crazy Yiuf (D:6)
  An orc priest (D:6)
  An iguana (D:5)
  2 worker ants (D:4)
  A hound skeleton (D:5)
  A worker ant zombie (D:6)
  9 adders
  A gnoll (D:2)
  An ufetubus (D:5)
  An ooze (D:4)
  An adder zombie (D:5)
  3 adder skeletons
  4 worms
  6 leopard geckos
  17 orcs
  2 bats
  6 giant cockroaches
  6 goblins
  10 hobgoblins
  14 jackals
  2 quokkas (D:5)
  3 ball pythons
  5 frilled lizards
  13 kobolds
  A leopard gecko skeleton (D:5)
  8 rats
135 creatures vanquished.

Vanquished Creatures (others)
  4 plants (Sewer)
4 creatures vanquished.

Grand Total: 139 creatures vanquished

Notes
Turn   | Place    | Note
-------+----------+-------------------------------------------
     0 | D:1      | dolemite99 the Gnoll Earth Elementalist began the quest for
                  | the Orb.
     0 | D:1      | Reached XP level 1. HP: 13/13 MP: 6/6
   212 | D:1      | Reached XP level 2. HP: 19/19 MP: 5/7
   812 | D:2      | Reached XP level 3. HP: 22/25 MP: 3/9
   818 | D:2      | Reached skill level 5 in Spellcasting
   893 | D:2      | Reached skill level 1 in Invocations
  1017 | D:2      | Reached skill level 1 in Fighting
  1017 | D:2      | Reached skill level 1 in Short Blades
  1017 | D:2      | Reached skill level 1 in Long Blades
  1017 | D:2      | Reached skill level 1 in Axes
  1017 | D:2      | Reached skill level 1 in Maces & Flails
  1017 | D:2      | Reached skill level 1 in Polearms
  1017 | D:2      | Reached skill level 1 in Staves
  1017 | D:2      | Reached skill level 1 in Slings
  1017 | D:2      | Reached skill level 1 in Bows
  1017 | D:2      | Reached skill level 1 in Crossbows
  1017 | D:2      | Reached skill level 1 in Throwing
  1017 | D:2      | Reached skill level 1 in Armour
  1017 | D:2      | Reached skill level 1 in Shields
  1017 | D:2      | Reached skill level 1 in Unarmed Combat
  1017 | D:2      | Reached skill level 1 in Evocations
  1017 | D:2      | Reached XP level 4. HP: 30/32 MP: 8/11
  1020 | D:2      | Found an iron altar of Okawaru.
  1220 | D:2      | Became a worshipper of Warmaster Okawaru
  1290 | D:2      | Found a basalt altar of Yredelemnul.
  1376 | D:2      | Found a blossoming altar of Fedhas.
  1501 | D:2      | Found a shimmering altar of Xom.
  1553 | D:2      | Found an ornate altar of the Wu Jian Council.
  1787 | D:3      | Found a shimmering blue altar of Sif Muna.
  1871 | D:3      | Found a shadowy altar of Dithmenos.
  1878 | D:3      | Reached skill level 1 in Conjurations
  1878 | D:3      | Reached skill level 1 in Hexes
  1878 | D:3      | Reached skill level 1 in Summonings
  1878 | D:3      | Reached skill level 1 in Necromancy
  1878 | D:3      | Reached skill level 1 in Translocations
  1878 | D:3      | Reached skill level 1 in Fire Magic
  1878 | D:3      | Reached skill level 1 in Ice Magic
  1878 | D:3      | Reached skill level 1 in Air Magic
  1878 | D:3      | Reached skill level 1 in Poison Magic
  1900 | D:3      | HP: 2/48 [something (1)]
  1909 | D:3      | Reached XP level 5. HP: 19/37 MP: 6/12
  2189 | D:3      | Learned a level 1 spell: Sandblast
  2192 | D:3      | Learned a level 2 spell: Passwall
  2196 | D:3      | Learned a level 3 spell: Stone Arrow
  2795 | D:4      | Noticed Grinder
  2798 | D:4      | Paralysed by Grinder for 2 turns
  2805 | D:4      | Noticed a lemure
  2806 | D:4      | Noticed Pikel
  2825 | D:4      | Paralysed by Pikel for 2 turns
  2827 | D:4      | Noticed a lemure
  2829 | D:4      | Noticed a lemure
  2850 | D:4      | Killed Pikel
  2850 | D:4      | Reached * piety under Okawaru
  2851 | D:4      | Reached skill level 5 in Dodging
  2851 | D:4      | Reached XP level 6. HP: 27/46 MP: 2/14
  2851 | D:4      | Reached XP level 7. HP: 30/51 MP: 2/15
  3130 | D:4      | Paralysed by Grinder for 2 turns
  3137 | D:4      | Killed Grinder
  3138 | D:4      | Reached skill level 5 in Stealth
  3138 | D:4      | Reached XP level 8. HP: 44/57 MP: 10/16
  3338 | D:4      | Found an opulent altar of Gozag.
  3480 | D:4      | You fall into a shaft and drop 2 floors!
  3492 | D:6      | Found a runed translucent door.
  3493 | D:6      | Noticed Crazy Yiuf
  3501 | D:6      | Killed Crazy Yiuf
  3622 | D:6      | Learned a level 1 spell: Animate Skeleton
  3653 | D:5      | Entered Level 5 of the Dungeon
  3724 | D:5      | Reached ** piety under Okawaru
  3743 | D:5      | Got an iridescent hunting sling
  3836 | D:5      | Found a glowing drain.
  3859 | Sewer    | Entered a sewer
  4545 | D:5      | Learned a level 4 spell: Petrify
  5070 | D:4      | Found a white marble altar of Elyvilon.
  5707 | D:6      | Identified the +7 hunting sling of the Last Spreadsheets
                  | {flame, Str+2} (You found it on level 5 of the Dungeon)
  5726 | D:6      | Found a staircase to the Ecumenical Temple.
  5758 | D:6      | Reached *** piety under Okawaru
  5759 | D:6      | Reached XP level 9. HP: 18/65 MP: 17/18
  5761 | D:6      | Slain by an orc priest

Illustrated notes

Levels and vault maps discovered:
D:1:      mrwooster_arrival_statue_2, layout_basic
D:2:      layout_rooms, lemuel_round_altar, lemuel_coloured_pillars_altar,
          fedhas_altar_4, old_standard_altar, okawaru_altar_gauntlet_db,
          hex_large
D:3:      layout_basic, grunt_dithmenos_smoke, overflow_temple_1_default
D:4:      layout_basic, overflow_temple_1_default, marbit_many_paths,
          uniq_pikel, uniq_grinder
D:5:      layout_rooms, portal_sewer_entry_f
D:6:      layout_basic, zin_angel, minmay_temple_entry_sparse_star,
          uniq_crazy_yiuf_cottage

Skill      XL: |  1  2  3  4  5  6  7  8 |
---------------+-------------------------+-----
Transmutations | 2 3 |  3.9
Spellcasting   | 5 6 |  6.3
Invocations    | 1 2 3 4 |  4.2
Fighting       | 1 2 3 |  3.8
Short Blades   | 1 2 3 |  3.8
Long Blades    | 1 2 3 |  3.8
Axes           | 1 2 3 |  3.8
Maces & Flails | 1 2 3 |  3.8
Polearms       | 1 2 3 |  3.8
Staves         | 1 2 3 |  3.8
Slings         | 1 2 3 |  3.8
Bows           | 1 2 3 |  3.8
Crossbows      | 1 2 3 |  3.8
Throwing       | 1 2 3 |  3.8
Armour         | 1 2 3 |  3.8
Shields        | 1 2 3 |  3.8
Unarmed Combat | 1 2 3 |  3.8
Evocations     | 1 2 3 |  3.8
Conjurations   | 1 2 3 |  3.1
Hexes          | 1 2 3 |  3.1
Summonings     | 1 2 3 |  3.1
Necromancy     | 1 2 3 |  3.1
Translocations | 1 2 3 |  3.1
Fire Magic     | 1 2 3 |  3.1
Ice Magic      | 1 2 3 |  3.1
Air Magic      | 1 2 3 |  3.1
Poison Magic   | 1 2 3 |  3.1
Dodging        | 5 6 |  6.0
Stealth        | 5 |  5.7
Earth Magic    | 6 |  6.3

Action                   |  1- 3 |  4- 6 |  7- 9 || total
-------------------------+-------+-------+-------++-------
Melee: Spear             |     1 |    10 |    14 ||    25
       Bite              |       |     1 |     2 ||     3
 Fire: Hunting sling     |       |       |    14 ||    14
 Cast: Sandblast         |    28 |    59 |   122 ||   209
       Stone Arrow       |       |     4 |    27 ||    31
  Use: Potion            |       |     4 |       ||     4
       Scroll            |       |     3 |    11 ||    14
Armor: Leather armour    |     2 |     6 |    22 ||    30
       Skin              |       |     6 |       ||     6
Dodge: Dodged            |    11 |    20 |    89 ||   120
